 Dungeon Sprint DCSS version 0.19.4 (webtiles) character file.

54 TryAgain the Thaumaturge (level 6, -2/32 HPs)
             Began as a Deep Elf Air Elementalist on Feb 4, 2017.
             Was a Priest of Vehumet.
             Slain by an earth elemental (34 damage)
             ... in the Dungeon (Sprint VI: "Thunderdome").
             The game lasted 00:06:47 (410 turns).

TryAgain the Thaumaturge (Deep Elf Air Elementalist) Turns: 410, Time: 00:06:47

Health: -2/32      AC:  2    Str:  5    XL:     6   Next: 10%
Magic:  15/19      EV: 17    Int: 22    God:    Vehumet [***...]
Gold:   145        SH:  0    Dex: 15    Spells: 7 memorised, 5 levels left

rFire  + . .     SeeInvis .     r - +0 scythe
rCold  . . .     Gourm    .     a - +0 robe
rNeg   . . .     Faith    .     (shield currently unavailable)
rPois  +         Spirit   .     (no helmet)
rElec  +         Reflect  .     (no cloak)
rCorr  .         Harm     .     (no gloves)
MR     +++..     NoTele   +     (no boots)
Stlth  +++++.....               n - amulet of the Ladybird {RegenMP rF+ rC+}
                                p - ring "Jin Ibec" {Fire rPois}
                                o - ring of Anarchy {rElec rPois rF- MR+++ Stlth+}

@: no status effects
A: no striking features
a: Renounce Religion


You were in the Dungeon.
You worshipped Vehumet.
Vehumet was most pleased with you.
You were not hungry.

You visited 1 branch You collected 280 gold pieces.
You spent 135 gold pieces at shops.

Inventory:

Hand Weapons
 r - a +0 scythe (weapon)
Armour
 a - a +0 robe (worn)
Jewellery
 n - the amulet of the Ladybird (around neck) {RegenMP rF+ rC+}
   (You bought it in a shop in the Dungeon)

   [amulet of magic regeneration]

   It increases your magic regeneration.
   It protects you from fire.
   It protects you from cold.
 o - the ring of Anarchy (left hand) {rElec rPois rF- MR+++ Stlth+}
   (You bought it in a shop in the Dungeon)

   [ring of stealth]

   It makes you vulnerable to fire.
   It insulates you from electricity.
   It protects you from poison.
   It affects your resistance to hostile enchantments.
   It makes you more stealthy.
 p - the ring "Jin Ibec" (right hand) {Fire rPois}
   (You bought it in a shop in the Dungeon)

   [ring of fire]

   It enhances your fire magic.
   It protects you from fire.
   It makes you vulnerable to cold.
   It protects you from poison.
Wands
 j - a wand of acid (1/15)
 k - a wand of iceblast (5/15)
Scrolls
 i - 4 scrolls of blinking
 l - 3 scrolls of fog
Potions
 d - a potion of curing
 e - 4 potions of heal wounds
 f - 4 potions of haste
 g - 2 potions of magic
 h - a potion of berserk rage
 m - a potion of resistance
Books
 b - a book of Air

   Spells                             Type                      Level
   a - Shock                          Conjuration/Air              1
   b - Swiftness                      Charms/Air                   2
   c - Repel Missiles                 Charms/Air                   2
   d - Static Discharge               Conjuration/Air              3
   e - Lightning Bolt                 Conjuration/Air              5
Comestibles
 c - a bread ration


   Skills:
 + Level 7.1 Dodging
 + Level 7.7 Stealth
 + Level 8.1 Spellcasting
 + Level 6.1 Conjurations
 + Level 6.6 Air Magic


You had 5 spell levels left.
You knew the following spells:

 Your Spells              Type           Power        Failure   Level  Hunger
a - Shock                 Conj/Air       ####         1%          1    None
b - Swiftness             Chrm/Air       ###.....     3%          2    None
c - Static Discharge      Conj/Air       #####...     1%          3    None
d - Magic Dart            Conj           ####         1%          1    None
e - Lightning Bolt        Conj/Air       #####.....   4%          5    #####..
f - Throw Flame           Conj/Fire      ####..       1%          2    None
g - Repel Missiles        Chrm/Air       ###...       3%          2    None


Dungeon Overview and Level Annotations

Branches:
Dungeon (1/1)

Altars:
Cheibriados
Dithmenos
Fedhas
Gozag
Kikubaaqudgha
Makhleb
Okawaru
Qazlal
Ru
Sif Muna
Trog
Uskayaw
Vehumet
Xom
Yredelemnul
Zin
The Shining One
Beogh
Jiyva
Lugonu

Shops:
D *[%??*?*:[((!!!!


Message History

Aim: an earth elemental (lightly damaged)
The magic dart hits the earth elemental.
The earth elemental is lightly damaged.
Casting: Magic Dart
Confirm with . or Enter, or press ? or * to list all spells.
Aiming: Magic Dart
Press: ? - help, Shift-Dir - straight line, f/p - earth elemental
Aim: an earth elemental (lightly damaged)
The magic dart hits the earth elemental.
The earth elemental is lightly damaged.
Casting: Magic Dart
Confirm with . or Enter, or press ? or * to list all spells.
Aiming: Magic Dart
Press: ? - help, Shift-Dir - straight line, f/p - earth elemental
Aim: an earth elemental (lightly damaged)
The magic dart hits the earth elemental.
The earth elemental is lightly damaged.
The earth elemental hits you!!
Ouch! That really hurt!
You die...

####.8.........8.######
___......###......__.∩##
.......8.# #.8........∩###
...†.....###......(......##
...††.###...###..÷.......⌠#
......# #.<.# #..........⌠#
......###...###..........⌠#
.........###..........[..##
.......8.# #.8..@.....∩###
_._......###....E.___∩##
####.8.........8.######
#⌠...........§#
###.........### #_......._#
#_......._# #_......._#
#∩.......∩#


You could see an earth elemental.

Vanquished Creatures
  Sigmund (D)
  A crimson imp (D)
  A hound (D)
  Terence (D)
  Jessica (D)
  A dart slug (D)
  A leopard gecko (D)
  A giant cockroach (D)
  A jackal (D)
  A bat (D)
  A kobold (D)
11 creatures vanquished.

Notes
Turn   | Place    | Note
-------+----------+-------------------------------------------
     0 | D        | TryAgain the Deep Elf Air Elementalist began the quest for the Orb.
     0 | D        | Reached XP level 1. HP: 10/10 MP: 6/6
     1 | D        | Found a snail-covered altar of Cheibriados.
     1 | D        | Found a basalt altar of Yredelemnul.
     3 | D        | Found a shadowy altar of Dithmenos.
     3 | D        | Found a bloodstained altar of Trog.
     4 | D        | Found a blossoming altar of Fedhas.
     4 | D        | Found a glowing golden altar of the Shining One.
     5 | D        | Found an opulent altar of Gozag.
     5 | D        | Found a roughly hewn altar of Beogh.
     5 | D        | Round 1.
     6 | D        | Found Zipiu's Bee Food.
     6 | D        | Found a burning altar of Makhleb.
     6 | D        | Found Jauv's Identification Station.
     7 | D        | Found Bomeg's Jewellery.
     7 | D        | Found Bixzuobu's Advanced Armour.
    15 | D        | Bought a translucent silver amulet for 45 gold pieces
    15 | D        | Bought a faintly glowing turquoise ring for 45 gold pieces
    15 | D        | Bought a faintly glowing iron ring for 45 gold pieces
    15 | D        | Identified the amulet of the Ladybird {RegenMP rF+ rC+} (You bought it in a shop in the Dungeon)
    16 | D        | Identified the ring of Anarchy {rElec rPois rF- MR+++ Stlth+} (You bought it in a shop in the Dungeon)
    17 | D        | Identified the ring "Jin Ibec" {Fire rPois} (You bought it in a shop in the Dungeon)
    21 | D        | Found a glowing silver altar of Zin.
    25 | D        | Found a hide-covered altar of Uskayaw.
    25 | D        | Found a viscous altar of Jiyva.
    26 | D        | Found Teeg's Premium Goods.
    27 | D        | Found Innus's Miscellaneous Merchandise.
    27 | D        | Found Omoes's Basic Armour.
    28 | D        | Found a sacrificial altar of Ru.
    28 | D        | Found a radiant altar of Vehumet.
    28 | D        | Found a stormy altar of Qazlal.
    28 | D        | Found Onan's Weapon Rack.
    32 | D        | Found a deep blue altar of Sif Muna.
    36 | D        | Became a worshipper of Vehumet
    39 | D        | Found a shimmering altar of Xom.
    40 | D        | Found an ancient bone altar of Kikubaaqudgha.
    40 | D        | Found Gus Nac's Do-It-Yourself Clinic.
    41 | D        | Found Jocit's Bottled Wisdom.
    41 | D        | Found Kicy's Distillery.
    42 | D        | Found a corrupted altar of Lugonu.
    42 | D        | Found Qemiddu's Distillery.
    44 | D        | Noticed Terence
    60 | D        | Killed Terence
    60 | D        | Reached skill level 4 in Spellcasting
    60 | D        | Reached XP level 2. HP: 13/15 MP: 0/9
    74 | D        | Reached * piety under Vehumet
    74 | D        | Offered knowledge of Magic Dart by Vehumet.
    74 | D        | Reached XP level 3. HP: 16/19 MP: 0/10
    78 | D        | Learned a level 2 spell: Swiftness
    82 | D        | Learned a level 3 spell: Static Discharge
    84 | D        | Learned a level 1 spell: Magic Dart
    86 | D        | Found an iron altar of Okawaru.
    87 | D        | Noticed Sigmund
    87 | D        | Found Vyro's Staff Store.
    88 | D        | Found Worel's Magic Scroll Shop.
    88 | D        | Found Xobes's Must-Have Magic.
    88 | D        | Found Igiel's Magic Scroll Shop.
    91 | D        | Killed Sigmund
    91 | D        | Reached skill level 7 in Spellcasting
    91 | D        | Reached skill level 5 in Conjurations
    91 | D        | Reached XP level 4. HP: 11/24 MP: 5/15
    91 | D        | Reached XP level 5. HP: 13/28 MP: 5/16
   134 | D        | Noticed Jessica
   140 | D        | Killed Jessica
   140 | D        | Arena points: 12 (+12) [x2]
   200 | D        | Round 2.
   207 | D        | Offered knowledge of Throw Flame by Vehumet.
   207 | D        | Reached ** piety under Vehumet
   215 | D        | Learned a level 5 spell: Lightning Bolt
   218 | D        | Learned a level 2 spell: Throw Flame
   221 | D        | Learned a level 2 spell: Repel Missiles
   307 | D        | Offered knowledge of Throw Frost by Vehumet.
   307 | D        | Reached skill level 8 in Spellcasting
   307 | D        | Reached XP level 6. HP: 32/32 MP: 16/19
   341 | D        | Reached *** piety under Vehumet
   344 | D        | Arena points: 54 (+42) [x3]
   404 | D        | Round 3.
   410 | D        | Slain by an earth elemental

Skill      XL: |  1  2  3  4  5 |
---------------+----------------+-----
Dodging        | 3 6 7 |  7.1
Stealth        | 4 6 7 |  7.7
Spellcasting   | 4 7 8 |  8.1
Conjurations   | 2 5 6 |  6.1
Air Magic      | 4 6 |  6.6

Action                   |  1- 3 |  4- 6 || total
-------------------------+-------+-------++-------
Melee: Scythe            |       |     2 ||     2
 Cast: Shock             |    11 |     7 ||    18
       Static Discharge  |       |     1 ||     1
       Magic Dart        |       |     5 ||     5
Evoke: Wand              |     3 |     1 ||     4
Dodge: Dodged            |     6 |     7 ||    13
